 Dungeon Crawl Stone Soup version 0.17-a0-1763-g847a857 (webtiles) character file.

1116 kae the Cleaver (level 8, 0/64 HPs)
             Began as a Hill Orc Fighter on Sept 4, 2015.
             Killed from afar by a deep elf fighter (4 damage)
             ... with a magic dart
             ... on level 5 of the Dungeon.
             The game lasted 00:04:05 (4130 turns).

kae the Cleaver (Hill Orc Fighter)                  Turns: 4130, Time: 00:04:06

Health: 0/64       AC:  8    Str: 24    XL:     8   Next: 34%
Magic:  8/8        EV:  7    Int:  8    God:
Gold:   322        SH:  9    Dex: 12    Spells: 0 memorised, 7 levels left

rFire  . . .     SeeInvis +     a - +0 war axe
rCold  . . .     Clarity  .     b - +0 scale mail
rNeg   . . .     SustAt   .     c - +0 shield
rPois  .         Gourm    .     (no helmet)
rElec  .         Spirit   .     (no cloak)
rCorr  .         Warding  .     o - +0 pair of gloves
rMut   .         Stasis   .     (no boots)
MR     .....                    (no amulet)
Stlth  +.........               j - ring of see invisible
                                t - ring of stealth

@: mighty, not resistant to hostile enchantments, very unstealthy
A: no striking features
a: no special abilities


You were on level 5 of the Dungeon.
You were not hungry.

You visited 1 branch of the dungeon, and saw 5 of its levels.

You collected 322 gold pieces.

Inventory:

Hand weapons
 a - a +0 war axe (weapon)
Armour
 b - a +0 scale mail (worn)
 c - a +0 shield (worn)
 o - a +0 pair of gloves (worn)
Jewellery
 j - a ring of see invisible (right hand)
 t - a ring of stealth (left hand)
Magical devices
 A - a wand of magic darts (24)
Scrolls
 f - 7 scrolls of enchant weapon {unknown}
 i - 2 scrolls of immolation {unknown}
 m - 2 scrolls of identify {unknown}
 n - a scroll of remove curse {unknown}
 r - 3 scrolls of fear {unknown}
 y - a scroll of fog {unknown}
 z - a scroll of teleportation {unknown}
 B - a scroll of recharging {unknown}
Potions
 g - a potion of cancellation {unknown}
 h - a potion of lignification {unknown}
 k - 2 potions of curing {unknown}
 l - a potion of flight {unknown}
 p - a potion of invisibility {unknown}
 q - a potion of resistance {unknown}
 u - a potion of cure mutation {unknown}
Books
 v - an Akashic Record

   Spells                             Type                      Level
   a - Dispersal                      Translocation                6
   b - Controlled Blink               Translocation                7
   c - Malign Gateway                 Summoning/Translocation      7
   d - Disjunction                    Translocation                8
Comestibles
 e - 3 bread rations
 s - a meat ration
 w - a beef jerky


   Skills:
 - Level 3.6 Fighting
 + Level 12.4 Axes
 - Level 3.2 Armour
 - Level 3.2 Shields


You had 7 spell levels left.
You didn't know any spells.

Dungeon Overview and Level Annotations

Branches:
Dungeon (5/15)
 Temple: D:4-7

Altars:
Makhleb
Okawaru
Ru

Shops:
D:4 %

Annotations:
D:5 Pikel, Prince Ribbit


Message History

The slave closely misses you.
A slave comes into view.
You barely miss the worker ant.
The worker ant is heavily wounded.
The slave shouts!
You slash the deep elf fighter!
You kill the deep elf fighter!
Your Axes skill increases to level 12!
You slash the orc warrior!
The orc warrior is severely wounded.
You slash the orc warrior!
The orc warrior is moderately wounded.
You slash the slave!
The slave is moderately wounded.
You slash the deep elf fighter!
The deep elf fighter is heavily wounded.
The worker ant closely misses you.
The deep elf fighter points at you and mumbles some strange words.
The magic dart hits you!
You die...

.#..p .... .
######..K ..
#.......###
#....pF.#^
#.......###.
#..poo......
#..e@)e.....
###a###.....
#.# ... ...
# ..#.. #.#
#!# .. ..
#.# #.# #.
.#


You could see Prince Ribbit, Pikel, 2 orc warriors, 2 deep elf fighters, 3
slaves and a worker ant.

Vanquished Creatures
  A deep elf fighter (D:5)
  An ogre (D:4)
  An ice beast (D:3)
  A phantom (D:4)
  5 big kobolds (D:3)
  An orc priest (D:3)
  A centaur skeleton (D:4)
  3 iguanas (D:4)
  2 worker ants (D:4)
  5 adders
  6 gnolls (D:3)
  An adder skeleton (D:4)
  6 orcs
  4 giant cockroaches
  4 goblins
  15 hobgoblins
  47 kobolds
  3 quokkas
  2 ball pythons (D:4)
  2 bats
  8 giant newts
  6 jackals
  12 rats
137 creatures vanquished.

Notes
Turn   | Place    | Note
--------------------------------------------------------------
     0 | D:1      | kae the Hill Orc Fighter began the quest for the Orb.
     0 | D:1      | Reached XP level 1. HP: 19/19 MP: 1/1
   107 | D:1      | Reached XP level 2. HP: 21/26 MP: 2/2
   251 | D:1      | Reached skill level 4 in Axes
   533 | D:1      | Reached XP level 3. HP: 31/31 MP: 3/3
   818 | D:2      | Reached skill level 5 in Axes
  1002 | D:2      | Found a faded altar to an unknown god.
  1774 | D:3      | Reached skill level 6 in Axes
  1774 | D:3      | Reached XP level 4. HP: 18/39 MP: 4/4
  2263 | D:3      | Found a sacrificial altar of Ru.
  2270 | D:3      | Reached XP level 5. HP: 40/45 MP: 5/5
  2398 | D:3      | Noticed an ice beast
  2411 | D:3      | Killed an ice beast
  2411 | D:3      | Reached skill level 7 in Axes
  2442 | D:3      | Reached skill level 8 in Axes
  2442 | D:3      | Reached XP level 6. HP: 34/51 MP: 6/6
  2678 | D:3      | Noticed a big kobold
  2688 | D:3      | Killed a big kobold
  2768 | D:3      | Noticed a big kobold
  2769 | D:3      | Noticed a big kobold
  2776 | D:3      | Killed a big kobold
  2776 | D:3      | Reached skill level 9 in Axes
  2779 | D:3      | Killed a big kobold
  2779 | D:3      | Reached XP level 7. HP: 50/57 MP: 7/7
  2786 | D:3      | Noticed a big kobold
  2786 | D:3      | Noticed a big kobold
  2803 | D:3      | Killed a big kobold
  2803 | D:3      | Reached skill level 10 in Axes
  2810 | D:3      | Killed a big kobold
  3530 | D:4      | Found a burning altar of Makhleb.
  3537 | D:4      | Found an iron altar of Okawaru.
  3550 | D:4      | Reached skill level 11 in Axes
  3664 | D:4      | Reached XP level 8. HP: 59/64 MP: 8/8
  3970 | D:4      | Found Agoyll's Food Boutique.
  4120 | D:5      | Entered Level 5 of the Dungeon
  4125 | D:5      | Noticed Prince Ribbit
  4127 | D:5      | Noticed Pikel
  4130 | D:5      | Reached skill level 12 in Axes
  4130 | D:5      | Killed from afar by a deep elf fighter

Vault maps used:
D:1:      saegor_arrival_simple_b, serial_glass, glass_columns_b,
          glass_columns_b, minmay_strange_pillars, feat_on_display
D:2:      ecumenical_altar_1
D:3:      minmay_goblin_kobold_castle, nicolae_ru_great_annihilating_truth
D:4:      grunt_temple_overflow_open, first_bread, kennysheep_small_square
D:5:      yredelemnul_altar_generic, sword_in_stone, uniq_pikel, uniq_menkaure,
          uniq_prince_ribbit1

Action                   |  1- 3 |  4- 6 |  7- 9 || total
-------------------------+-------+-------+-------++-------
Melee: War axe           |   104 |   137 |   133 ||   374
  Use: Potion            |       |       |     1 ||     1
 Stab: Invisible         |       |     1 |       ||     1
       Paralysed         |       |     1 |       ||     1
  Eat: Chunk             |     3 |     3 |     5 ||    11
